Map: Ascension to Aiur LE

Players

eXile - Winner!

  • Race: Zerg Zerg
  • League: Gold
  • Spawn Location: 5:00

SuperNova

  • Race: Zerg Zerg
  • League: Gold
  • Spawn Location: 11:00

VOD

Have the link to the VOD?

Description

Time

  • Played on: May 26, 2017, 6:51 p.m.
  • Length: 12:41
Show
View Real Time Build Order
Export as new Build Order

eXile Zerg - Winner!

Build Orders: Hatch First 

Get SALT Encoding   

  12  0:02  Drone  
  13  0:12  Drone  
  14  0:16  Overlord  
  14  0:24  Extractor  
  14  0:25  Drone  
  15  0:36  Drone x2  
  17  0:54  Hatchery  
  17  0:56  Drone  
  17  0:59  Extractor  
  17  1:03  Drone  
  17  1:18  Spawning Pool  
  16  1:23  Drone  
  16  1:25  Drone  
  18  1:32  Overlord  
  18  1:52  Drone x2  
  20  2:05  Metabolic Boost  
  20  2:06  Queen  
  20  2:08  Queen  
  25  2:15  Zergling x4  
  25  2:18  Drone  
  27  2:30  Baneling Nest  
  27  2:31  Drone x2  
  28  2:42  Zergling x4  
  31  2:51  Drone x3  
  33  3:04  Drone x2  
  35  3:09  Drone, Extractor  
  35  3:19  Evolution Chamber  
  34  3:20  Drone x2  
  34  3:22  Overlord x2  
  36  3:45  Zerg Missile Weapons Level 1  
  35  3:52  Roach Warren  
  35  3:53  Zergling x4  
  35  3:54  Drone x4  
  40  3:58  Pneumatized Carapace  
  40  4:04  Burrow  
  40  4:05  Drone x5  
  40  4:08  Drone  
  46  4:30  Overlord x2  
  46  4:39  Drone x3  
  46  4:42  Roach  
  46  4:44  Lair  
  51  5:04  Roach x7  
  51  5:05  Roach  
  67  5:14  Extractor  
  66  5:16  Extractor  
  65  5:25  Roach  
  65  5:26  Overlord x3  
  65  5:28  Hatchery  
  66  5:41  Zerg Missile Weapons Level 2  
  66  5:44  Roach  
  66  5:45  Roach  
  66  5:48  Drone x2  
  66  5:49  Drone  
  73  5:58  Glial Reconstitution  
  73  6:03  Drone  
  73  6:04  Drone x3  
  80  6:25  Roach x2  
  80  6:26  Roach x5  
  80  6:27  Overlord x2  
  90  6:35  Zergling x2  
  90  6:36  Overlord  
  91  6:44  Drone x4  
  91  6:45  Drone  
  96  6:55  Infestation Pit  
  96  6:59  Evolution Chamber  
  94  7:01  Drone x3  
  94  7:02  Drone  
  94  7:03  Roach x3  
  104  7:20  Zergling x2  
  104  7:21  Zergling x14  
  112  7:30  Spine Crawler  
  110  7:39  Zergling x12  
  86  8:08  Zergling x2  
  86  8:09  Zergling x14  
  80  8:28  Roach x4  
  84  8:35  Drone  
  84  8:36  Drone x2  
  84  8:39  Extractor  
  84  8:40  Extractor  
  81  8:52  Zerg Ground Armor Level 1  
  81  8:54  Hive  
  75  8:57  Queen  
  75  8:59  Drone x4  
  75  9:00  Drone x2  
  82  9:09  Drone x3  
  83  9:26  Hatchery  
  79  9:36  Spire  
  78  9:44  Drone x5  
  78  9:45  Drone x2  
  85  9:51  Roach x2  
  89  10:00  Hatchery  
  89  10:05  Spore Crawler  
  87  10:11  Roach x5  
  87  10:12  Roach x3  
  96  10:30  Roach x3  
  96  10:31  Roach x5  
  96  10:34  Spine Crawler  
  104  10:37  Spine Crawler  
  103  10:46  Overseer x2  
  71  10:59  Mutalisk x3  
  71  11:00  Mutalisk x6  
  71  11:01  Mutalisk  
  81  11:23  Mutalisk x7  
  81  11:24  Mutalisk  
  95  11:41  Mutalisk  
  95  11:42  Mutalisk  
  95  11:45  Zergling x20  
  109  11:58  Drone  
  109  11:59  Drone x6  
  109  12:00  Queen  
Show
View Real Time Build Order
Export as new Build Order

SuperNova Zerg 

Build Orders: Hatch First 

Get SALT Encoding   

  12  0:02  Drone  
  13  0:17  Overlord  
  13  0:30  Drone  
  14  0:43  Drone x3  
  17  0:55  Hatchery  
  16  0:59  Drone  
  17  1:06  Extractor  
  17  1:11  Drone  
  17  1:20  Spawning Pool  
  16  1:26  Drone  
  17  1:34  Drone  
  18  1:40  Drone  
  19  1:51  Overlord  
  19  2:02  Drone  
  20  2:08  Drone  
  20  2:11  Metabolic Boost  
  21  2:22  Queen x2  
  23  2:26  Drone  
  23  2:27  Drone x2  
  28  2:37  Drone  
  28  2:38  Drone  
  30  2:51  Zergling x4  
  30  2:52  Zergling x2  
  33  3:02  Spine Crawler  
  32  3:06  Spine Crawler  
  31  3:16  Drone x4  
  31  3:17  Drone  
  36  3:26  Overlord, Baneling Nest  
  35  3:32  Roach Warren  
  34  3:48  Drone x2  
  34  3:49  Overlord, Drone x5  
  41  4:08  Hatchery  
  40  4:13  Lair  
  40  4:14  Baneling x2  
  40  4:15  Baneling x2  
  40  4:22  Evolution Chamber  
  39  4:27  Overlord x2  
  39  4:30  Zergling x14  
  46  4:47  Extractor x2  
  46  4:48  Drone x2  
  46  4:51  Drone x3  
  46  4:52  Drone  
  50  5:02  Zerg Missile Weapons Level 1  
  49  5:11  Overlord  
  49  5:25  Extractor  
  49  5:27  Drone  
  49  5:28  Drone x7  
  56  5:36  Glial Reconstitution  
  56  5:41  Drone  
  56  5:42  Drone x3  
  60  5:43  Queen  
  62  6:18  Drone x4  
  63  6:19  Drone x2  
  63  6:22  Extractor  
  65  6:26  Roach x4  
  65  6:27  Overlord  
  65  6:28  Overlord  
  73  6:34  Overlord  
  73  6:49  Roach x6  
  73  6:50  Roach  
  73  6:53  Roach  
  93  6:54  Roach x3  
  95  7:01  Queen  
  95  7:02  Overlord  
  95  7:03  Overlord  
  95  7:06  Zerg Missile Weapons Level 2  
  95  7:08  Tunneling Claws  
  97  7:14  Overlord  
  97  7:15  Infestation Pit  
  96  7:20  Overlord  
  96  7:22  Roach x2  
  102  7:23  Roach x2  
  104  7:34  Roach x4  
  110  7:41  Roach x2  
  110  7:42  Roach  
  103  7:55  Roach x2  
  103  7:56  Roach x3  
  105  8:05  Roach x4  
  96  8:06  Roach  
  81  8:17  Roach x2  
  81  8:18  Roach x2  
  81  8:19  Overlord  
  65  8:49  Roach  
  65  8:50  Roach x9  
  73  9:04  Roach  
  73  9:05  Roach x3  
  80  9:19  Burrow  
  80  9:40  Overlord, Roach x2  
  80  9:41  Drone x6  
  90  9:55  Roach x2  
  90  9:56  Roach  
  96  10:06  Roach x3  
  102  10:23  Roach x19  
  98  10:46  Roach  
  98  10:47  Roach x8  
  90  11:02  Roach x5  
  84  11:07  Roach  
  74  11:26  Roach x2  
  74  11:27  Roach x6  
  74  11:30  Roach  
  88  11:38  Drone x2  
  90  11:43  Queen  
  92  11:50  Hatchery  
  91  11:59  Spire  
  94  12:11  Ravager x3  
  94  12:12  Ravager  
Tags
 
Add a new tag
Caveats
  • Supply blocks, unpowered buildings, or Contaminate may cause inaccurate times.
  • Supply counts are checked every 10 seconds.